TOP OF THE 1ST |
Trenton Thunder batting - Pitching for Arkansas Travelers : RHP Bartholomeu Voivodic
|
Pitching: RHP Bartholomeu Voivodic
|
|
Batting: LHB Justin O'Neal
|
0-0: Foul Ball, location: 2F 0-1: Ball 1-1: Ball 2-1: Called Strike 2-2: SINGLE (Groundball, 4D, EV 102.5 MPH)
|
Batting: LHB Steve LeGrand
|
0-0: Called Strike Justin O'Neal steals 2nd, throwing error, E2 Justin O'Neal to third 0-1: Foul Ball, location: 2F 0-2: Ball 1-2: Ground out 6-3 (Groundball, 6, EV 90.6 MPH) Justin O'Neal scores
|
Batting: LHB Dale Anderson
|
0-0: Ball 1-0: Swinging Strike 1-1: Foul Ball, location: 2F 1-2: Foul Ball, location: 2F 1-2: Ball 2-2: Foul Ball, location: 2F 2-2: Ball 3-2: Foul Ball, location: 2F 3-2: Base on Balls
|
Batting: SHB David Stewart
|
0-0: 2-RUN HOME RUN (Flyball, 89XD, EV 105.0 MPH), Distance : 403 ft
|
Batting: RHB Elmar Adenauer
|
0-0: Ball 1-0: Called Strike 1-1: Ball 2-1: Ball 3-1: Swinging Strike 3-2: Foul Ball, location: 2F 3-2: SINGLE (Groundball, 56, EV 105.6 MPH)
|
Batting: RHB Javier Umanzor
|
0-0: Called Strike 0-1: Foul Ball, location: 2F 0-2: Ball 1-2: Ball 2-2: Ball 3-2: Base on Balls Elmar Adenauer to second
|
Batting: SHB Houston Phillips
|
0-0: Foul Ball, location: 2F 0-1: Ball 1-1: Ball 2-1: Ball 3-1: Base on Balls Elmar Adenauer to third Javier Umanzor to second
|
Batting: RHB Phil Reeves
|
0-0: Foul Ball, location: 2F 0-1: Fielders Choice at 2nd, 5-4 (Groundball, 56, EV 85.0 MPH) Elmar Adenauer scores Javier Umanzor to third
|
Batting: RHB Jonathan Iniguez
|
0-0: Called Strike 0-1: Swinging Strike 0-2: DOUBLE (Line Drive, 7LS, EV 95.6 MPH) Javier Umanzor scores Phil Reeves to third Runner from 3rd tries for Home, SAFE, throw by LF to home
|
Pitching: LHP Steve McClain
|
|
Batting: LHB Justin O'Neal
|
0-0: Ball 1-0: Called Strike 1-1: Called Strike 1-2: Ball 2-2: Ball 3-2: Strikes out swinging
|
Top of the 1st over - 6 runs, 4 hits, 1 error, 1 left on base; Trenton 6 - Arkansas 0 |
BOTTOM OF THE 1ST |
Arkansas Travelers batting - Pitching for Trenton Thunder : RHP Tim Honaker
|
Pitching: RHP Tim Honaker
|
|
Batting: RHB Ricky Mejicanos
|
0-0: Ball 1-0: Ground out 4-3 (Groundball, 34, EV 101.9 MPH)
|
Batting: LHB Dave Hicks
|
0-0: Ball 1-0: Ball 2-0: Called Strike 2-1: DOUBLE (Flyball, 78D, EV 103.8 MPH)
|
Batting: RHB Juan Montez
|
0-0: Ball 1-0: Hit by Pitch
|
Batting: RHB Kyler Seitz
|
0-0: Ball 1-0: SINGLE (Line Drive, 4M, EV 97.5 MPH) Dave Hicks to third Juan Montez to second
|
Batting: SHB Danny Gelinas
|
0-0: Called Strike 0-1: Foul Ball, location: 2F 0-2: Grounds into double play, 4-6-3 (Groundball, 4S, EV 85.0 MPH)
|
Bottom of the 1st over - 0 runs, 2 hits, 0 errors, 2 left on base; Trenton 6 - Arkansas 0 |
TOP OF THE 2ND |
Trenton Thunder batting - Pitching for Arkansas Travelers : LHP Steve McClain
|
Batting: LHB Steve LeGrand
|
0-0: Ball 1-0: Ball 2-0: Called Strike 2-1: Fly out, F7 (Flyball, 7, EV 93.8 MPH)
|
Batting: LHB Dale Anderson
|
0-0: Called Strike 0-1: Called Strike 0-2: Strikes out swinging
|
Batting: SHB David Stewart
|
0-0: Foul Ball, location: 2F 0-1: Foul Ball, location: 2F 0-2: Ball 1-2: Strikes out swinging
|
Top of the 2nd over - 0 runs, 0 hits, 0 errors, 0 left on base; Trenton 6 - Arkansas 0 |
BOTTOM OF THE 2ND |
Arkansas Travelers batting - Pitching for Trenton Thunder : RHP Tim Honaker
|
Batting: LHB Mutsuo IIda
|
0-0: Ball 1-0: Ball 2-0: Called Strike 2-1: Ground out 4-3 (Groundball, 4, EV 94.4 MPH)
|
Batting: RHB Kinya Nishimura
|
0-0: Foul Ball, location: 2F 0-1: Fly out, F8 (Line Drive, 8RM, EV 86.2 MPH)
|
Batting: RHB T.J. Gray
|
0-0: Ball 1-0: Foul Ball, location: 2F 1-1: Foul Ball, location: 2F 1-2: Ball 2-2: Ball 3-2: Strikes out swinging
|
Bottom of the 2nd over - 0 runs, 0 hits, 0 errors, 0 left on base; Trenton 6 - Arkansas 0 |
TOP OF THE 3RD |
Trenton Thunder batting - Pitching for Arkansas Travelers : LHP Steve McClain
|
Batting: RHB Elmar Adenauer
|
0-0: Ball 1-0: Foul Ball, location: 2F 1-1: Ball 2-1: Ground out 5-3 (Groundball, 5S, EV 70.6 MPH)
|
Batting: RHB Javier Umanzor
|
0-0: Ball 1-0: Ball 2-0: Swinging Strike 2-1: Swinging Strike 2-2: Ball 3-2: Base on Balls
|
Batting: SHB Houston Phillips
|
0-0: DOUBLE (Line Drive, 9LS, EV 106.9 MPH) Javier Umanzor to third
|
Batting: RHB Phil Reeves
|
0-0: Ball 1-0: Ball 2-0: Ball 3-0: Called Strike 3-1: Foul Ball, location: 2F 3-2: Base on Balls
|
Pitching: RHP Eddie Garabito
|
|
Batting: RHB Jonathan Iniguez
|
0-0: Called Strike 0-1: Ball 1-1: Foul Ball, location: 2F 1-2: Strikes out looking
|
Batting: LHB Justin O'Neal
|
0-0: Ball 1-0: Foul Ball, location: 2F 1-1: Ball 2-1: Foul Ball, location: 2F 2-2: Foul Ball, location: 2F 2-2: Fly out, F8 (Flyball, 8RM, EV 91.2 MPH)
|
Top of the 3rd over - 0 runs, 1 hit, 0 errors, 3 left on base; Trenton 6 - Arkansas 0 |
BOTTOM OF THE 3RD |
Arkansas Travelers batting - Pitching for Trenton Thunder : RHP Tim Honaker
|
Batting: RHB Phil Knox
|
0-0: Ground out 6-3 (Groundball, 6, EV 106.2 MPH)
|
Batting: RHB Ricky Mejicanos
|
0-0: Foul Ball, location: 2F 0-1: Ball 1-1: Foul Ball, location: 2F 1-2: Foul Ball, location: 2F 1-2: Ball 2-2: Strikes out swinging
|
Batting: LHB Dave Hicks
|
0-0: Swinging Strike 0-1: Ball 1-1: Called Strike 1-2: Ground out 3-1 (Groundball, 34, EV 84.4 MPH)
|
Bottom of the 3rd over - 0 runs, 0 hits, 0 errors, 0 left on base; Trenton 6 - Arkansas 0 |
TOP OF THE 4TH |
Trenton Thunder batting - Pitching for Arkansas Travelers : RHP Eddie Garabito
|
Batting: LHB Steve LeGrand
|
0-0: Ball 1-0: Ball 2-0: Ball 3-0: Swinging Strike 3-1: Foul Ball, location: 2F 3-2: Base on Balls
|
Batting: LHB Dale Anderson
|
0-0: Foul Ball, location: 2F 0-1: Foul Ball, location: 2F 0-2: Foul Ball, location: 2F 0-2: Ball 1-2: Strikes out looking
|
Batting: SHB David Stewart
|
0-0: Grounds into double play, 5-4-3 (Groundball, 56, EV 83.8 MPH)
|
Top of the 4th over - 0 runs, 0 hits, 0 errors, 0 left on base; Trenton 6 - Arkansas 0 |
BOTTOM OF THE 4TH |
Arkansas Travelers batting - Pitching for Trenton Thunder : RHP Tim Honaker
|
Batting: RHB Juan Montez
|
0-0: Swinging Strike 0-1: Ball 1-1: SINGLE (Groundball, 4M, EV 98.1 MPH)
|
Batting: RHB Kyler Seitz
|
0-0: Ball 1-0: Ball 2-0: Fly out, F8 (Flyball, 8RXD, EV 101.2 MPH)
|
Batting: SHB Danny Gelinas
|
0-0: SINGLE (Groundball, 4D, EV 94.4 MPH) Juan Montez to second Runner from 2nd tries for 3rd, SAFE, throw by CF made to third Danny Gelinas to second
|
Batting: LHB Mutsuo IIda
|
0-0: Called Strike 0-1: Ball 1-1: Ball 2-1: Foul Ball, location: 2F 2-2: Strikes out swinging
|
Batting: RHB Kinya Nishimura
|
0-0: Ball 1-0: Reached on error, E4 (Groundball, 6M, EV 88.8 MPH) Juan Montez scores Danny Gelinas scores
|
Batting: RHB T.J. Gray
|
0-0: Ball 1-0: Ball 2-0: Foul Ball, location: 2F 2-1: Ground out 5-3 (Groundball, 15, EV 78.8 MPH)
|
Bottom of the 4th over - 2 runs, 2 hits, 1 error, 1 left on base; Trenton 6 - Arkansas 2 |
TOP OF THE 5TH |
Trenton Thunder batting - Pitching for Arkansas Travelers : RHP Eddie Garabito
|
Batting: RHB Elmar Adenauer
|
0-0: Foul Ball, location: 2F 0-1: Foul Ball, location: 2F 0-2: Ball 1-2: Fly out, F8 (Flyball, 8RM, EV 93.1 MPH)
|
Batting: RHB Javier Umanzor
|
0-0: Fly out, F7 (Flyball, 7, EV 91.2 MPH)
|
Batting: SHB Houston Phillips
|
0-0: Called Strike 0-1: Ball 1-1: Foul Ball, location: 2F 1-2: Foul Ball, location: 2F 1-2: Ball 2-2: Ball 3-2: Strikes out swinging
|
Top of the 5th over - 0 runs, 0 hits, 0 errors, 0 left on base; Trenton 6 - Arkansas 2 |
BOTTOM OF THE 5TH |
Arkansas Travelers batting - Pitching for Trenton Thunder : RHP Tim Honaker
|
Batting: RHB Phil Knox
|
0-0: Swinging Strike 0-1: Ball 1-1: Ground out 6-3 (Groundball, P, EV 80.0 MPH)
|
Batting: RHB Ricky Mejicanos
|
0-0: Swinging Strike 0-1: Ball 1-1: SOLO HOME RUN (Flyball, 9LD, EV 92.5 MPH), Distance : 369 ft
|
Batting: LHB Dave Hicks
|
0-0: Ball 1-0: Foul Ball, location: 2F 1-1: Foul Ball, location: 2F 1-2: Foul Ball, location: 2F 1-2: SINGLE (Line Drive, 34D, EV 95.0 MPH)
|
Batting: RHB Juan Montez
|
0-0: Ball 1-0: Ball 2-0: Ball 3-0: Called Strike 3-1: Called Strike 3-2: Base on Balls Dave Hicks to second
|
Batting: RHB Kyler Seitz
|
0-0: Called Strike 0-1: Foul Ball, location: 2F 0-2: Foul Ball, location: 2F 0-2: Grounds into double play, 6-4-3 (Groundball, 56, EV 100.6 MPH)
|
Bottom of the 5th over - 1 run, 2 hits, 0 errors, 1 left on base; Trenton 6 - Arkansas 3 |
TOP OF THE 6TH |
Trenton Thunder batting - Pitching for Arkansas Travelers : RHP Eddie Garabito
|
Pitching: RHP Jason Smallwood
|
|
Batting: RHB Phil Reeves
|
0-0: Ball 1-0: Ball 2-0: Foul Ball, location: 2F 2-1: Foul Ball, location: 2F 2-2: SINGLE (Line Drive, 89M, EV 110.6 MPH)
|
Batting: RHB Jonathan Iniguez
|
0-0: Ball Phil Reeves is caught stealing 2nd base 2-4 1-0: Ball 2-0: Ball 3-0: Base on Balls
|
Batting: LHB Justin O'Neal
|
0-0: Called Strike Jonathan Iniguez steals 2nd base 0-1: Swinging Strike 0-2: Ball 1-2: Foul Ball, location: 2F 1-2: Ball 2-2: Strikes out swinging
|
Batting: LHB Steve LeGrand
|
0-0: Called Strike 0-1: Foul Ball, location: 2F 0-2: Strikes out looking
|
Top of the 6th over - 0 runs, 1 hit, 0 errors, 1 left on base; Trenton 6 - Arkansas 3 |
BOTTOM OF THE 6TH |
Arkansas Travelers batting - Pitching for Trenton Thunder : RHP Tim Honaker
|
Batting: SHB Danny Gelinas
|
0-0: Ball 1-0: Ball 2-0: SINGLE (Flyball, 5D, EV 92.5 MPH)
|
Batting: LHB Mutsuo IIda
|
0-0: Called Strike 0-1: Ball 1-1: Fly out, F9 (Flyball, 89M, EV 90.0 MPH)
|
Batting: RHB Kinya Nishimura
|
0-0: Ball 1-0: Foul Ball, location: 2F 1-1: Ball 2-1: SINGLE (Line Drive, 8LS, EV 91.2 MPH) Danny Gelinas to second Runner from 2nd tries for 3rd, OUT! 8-5
|
Batting: RHB T.J. Gray
|
0-0: Called Strike 0-1: Foul Ball, location: 2F 0-2: Ball 1-2: Fly out, F8 (Flyball, 8RXD, EV 77.5 MPH)
|
Bottom of the 6th over - 0 runs, 2 hits, 0 errors, 1 left on base; Trenton 6 - Arkansas 3 |
TOP OF THE 7TH |
Trenton Thunder batting - Pitching for Arkansas Travelers : RHP Jason Smallwood
|
Pitching: LHP Kyle Worford
|
|
Batting: LHB Dale Anderson
|
0-0: Ball 1-0: Swinging Strike 1-1: Foul Ball, location: 2F 1-2: Strikes out swinging
|
Batting: SHB David Stewart
|
0-0: Called Strike 0-1: Ball 1-1: Swinging Strike 1-2: Ground out 6-3 (Groundball, 6MS, EV 66.2 MPH)
|
Batting: RHB Elmar Adenauer
|
0-0: Ball 1-0: Called Strike 1-1: Called Strike 1-2: Strikes out looking
|
Top of the 7th over - 0 runs, 0 hits, 0 errors, 0 left on base; Trenton 6 - Arkansas 3 |
BOTTOM OF THE 7TH |
Arkansas Travelers batting - Pitching for Trenton Thunder : RHP Tim Honaker
|
Pitching: RHP Joe Shaw
|
|
Batting: RHB Phil Knox
|
0-0: Ball 1-0: SINGLE (Groundball, 6MD, EV 99.4 MPH)
|
Batting: RHB Ricky Mejicanos
|
0-0: TRIPLE (Line Drive, 78XD, EV 100.6 MPH) Phil Knox scores
|
Batting: LHB Dave Hicks
|
0-0: Called Strike 0-1: Swinging Strike 0-2: Foul Ball, location: 2F 0-2: Ball 1-2: Ball 2-2: Ball 3-2: Foul Ball, location: 2F 3-2: Base on Balls
|
Batting: RHB Juan Montez
|
0-0: Ball 1-0: Ball 2-0: Called Strike 2-1: Called Strike 2-2: Fly out, F7 (Flyball, 7S, EV 88.1 MPH)
|
Batting: RHB Kyler Seitz
|
0-0: Ball 1-0: Swinging Strike 1-1: Foul Ball, location: 2F 1-2: Fly out, F9 (Flyball, 89M, EV 82.5 MPH)
|
Batting: SHB Danny Gelinas
|
0-0: Ground out U3 (Groundball, 3L, EV 85.0 MPH)
|
Bottom of the 7th over - 1 run, 2 hits, 0 errors, 2 left on base; Trenton 6 - Arkansas 4 |
TOP OF THE 8TH |
Trenton Thunder batting - Pitching for Arkansas Travelers : LHP Kyle Worford
|
Pitching: LHP Jose Rivera
|
|
Batting: RHB Javier Umanzor
|
0-0: Swinging Strike 0-1: Ball 1-1: Swinging Strike 1-2: Ball 2-2: Ball 3-2: Fly out, F4 (Popup, 4M, EV 71.2 MPH)
|
Batting: SHB Houston Phillips
|
0-0: Ball 1-0: Ball 2-0: Foul Ball, location: 2F 2-1: Foul Ball, location: 2F 2-2: Ball 3-2: Base on Balls
|
Batting: RHB Phil Reeves
|
0-0: Called Strike 0-1: Swinging Strike 0-2: Foul Ball, location: 2F 0-2: Ball 1-2: Strikes out looking
|
Batting: RHB Jonathan Iniguez
|
0-0: Ball 1-0: Swinging Strike 1-1: Ball 2-1: Ground out 4-3 (Groundball, 34, EV 100.6 MPH)
|
Top of the 8th over - 0 runs, 0 hits, 0 errors, 1 left on base; Trenton 6 - Arkansas 4 |
BOTTOM OF THE 8TH |
Arkansas Travelers batting - Pitching for Trenton Thunder : RHP Joe Shaw
|
Batting: LHB Mutsuo IIda
|
0-0: Fly out, F7 (Line Drive, 7S, EV 90.6 MPH)
|
Batting: RHB Kinya Nishimura
|
0-0: Ball 1-0: Ball 2-0: Foul Ball, location: 2F 2-1: Ground out 6-3 (Groundball, 56, EV 105.0 MPH)
|
Batting: RHB T.J. Gray
|
0-0: Called Strike 0-1: Ball 1-1: Ball 2-1: Ball 3-1: Fly out, F7 (Line Drive, 7S, EV 90.6 MPH)
|
Bottom of the 8th over - 0 runs, 0 hits, 0 errors, 0 left on base; Trenton 6 - Arkansas 4 |
TOP OF THE 9TH |
Trenton Thunder batting - Pitching for Arkansas Travelers : LHP Jose Rivera
|
Pitching: LHP Ismael Diaz
|
|
Batting: LHB Justin O'Neal
|
0-0: Ball 1-0: Called Strike 1-1: Swinging Strike 1-2: Foul Ball, location: 2F 1-2: Strikes out looking
|
Batting: LHB Steve LeGrand
|
0-0: Ball 1-0: Called Strike 1-1: SOLO HOME RUN (Line Drive, 8RXD, EV 115.6 MPH), Distance : 464 ft
|
Batting: LHB Dale Anderson
|
0-0: Fly out, F7 (Flyball, 7, EV 78.1 MPH)
|
Batting: SHB David Stewart
|
0-0: Swinging Strike 0-1: Called Strike 0-2: Ball 1-2: Strikes out swinging
|
Top of the 9th over - 1 run, 1 hit, 0 errors, 0 left on base; Trenton 7 - Arkansas 4 |
BOTTOM OF THE 9TH |
Arkansas Travelers batting - Pitching for Trenton Thunder : RHP Joe Shaw
|
Pitching: RHP Antonio Castillo
|
|
Batting: RHB Phil Knox
|
0-0: Ball 1-0: Called Strike 1-1: Ball 2-1: Fly out, F9 (Flyball, 9LS, EV 90.6 MPH)
|
Batting: RHB Ricky Mejicanos
|
0-0: Ball 1-0: Ball 2-0: Ground out 4-3 (Groundball, 4, EV 105.6 MPH)
|
Batting: LHB Dave Hicks
|
0-0: Ball 1-0: Ball 2-0: Swinging Strike 2-1: Called Strike 2-2: Strikes out swinging
|
Bottom of the 9th over - 0 runs, 0 hits, 0 errors, 0 left on base; Trenton 7 - Arkansas 4 |
|